 Dungeon Crawl Stone Soup version 0.17.0-28-g6e173f8 (webtiles) character file.

49 M4edhros the Charlatan (level 3, -9/23 HPs)
             Began as an Octopode Artificer on Nov 29, 2015.
             Engulfed by a cloud of flame (14 damage)
             ... on level 5 of the Dungeon.
             The game lasted 00:04:03 (1777 turns).

M4edhros the Charlatan (Octopode Artificer)         Turns: 1777, Time: 00:04:07

Health: -9/23      AC:  1    Str: 10    XL:     3   Next: 77%
Magic:  6/6        EV: 12    Int: 15    God:
Gold:   68         SH:  0    Dex: 12    Spells: 0 memorised, 2 levels left

rFire  + + .     SeeInvis .     h - +7 great mace "Firestarter" {inner flame, rF++}
rCold  . . .     Clarity  .     (shield currently unavailable)
rNeg   . . .     SustAt   .     (helmet restricted)
rPois  .         Gourm    .     (no amulet)
rElec  .         Spirit   .     (no ring)
rCorr  .         Warding  .     (no ring)
rMut   .         Stasis   .     (no ring)
MR     .....                    (no ring)
Stlth  ++++......               (no ring)
                                (no ring)
                                (no ring)
                                (no ring)

@: not resistant to hostile enchantments, stealthy
A: almost no armour, amphibious, 8 rings, constrict 8, camouflage 1, gelatinous
body 1
a: no special abilities


You were on level 5 of the Dungeon.
You were hungry.

You visited 1 branch of the dungeon, and saw 5 of its levels.

You collected 68 gold pieces.

Inventory:

Hand Weapons
 a - a +0 short sword
 h - the +7 great mace "Firestarter" (weapon) {inner flame, rF++}
   (You found it on level 4 of the Dungeon)

   It has been specially enchanted to burn those struck by it, causing extra
   injury to most foes and up to half again as much damage against particularly
   susceptible opponents.
   It greatly protects you from fire.
Missiles
 i - 22 sling bullets
 k - 77 stones (quivered)
Wands
 b - a wand of flame (11)
 c - a wand of enslavement (13)
 d - a wand of random effects (15)
 j - a wand of flame (18)
 o - a wand of fireball (6)
Potions
 f - 2 potions of curing {unknown}
 l - a potion of flight {unknown}
 m - a potion of magic {unknown}
 n - a potion of might {unknown}
Comestibles
 e - 2 bread rations
 g - 4 fruits


   Skills:
 - Level 1.0 Fighting
 - Level 1.0 Short Blades
 - Level 2.0 Dodging
 + Level 3.7 Stealth
 + Level 4.2 Evocations


You had 2 spell levels left.
You didn't know any spells.

Dungeon Overview and Level Annotations

Branches:
Dungeon (5/15)
 Temple: D:4-7

Altars:
Qazlal

Annotations:
D:4 coffecat's ghost, weakling DESu


Innate Abilities, Weirdness & Mutations

You cannot wear most types of armour.
You are amphibious.
You can wear up to eight rings at the same time.
You can use your tentacles to constrict eight enemies at once.
Your skin changes colour to match your surroundings (Stealth).
Your rubbery body absorbs attacks (AC +1).


Message History

The helpless adder zombie fails to defend itself.
You bludgeon the adder zombie!! You burn the adder zombie.
You destroy the adder zombie!
A giant gecko zombie comes into view.
You barely miss the giant gecko zombie.
Your grab misses the giant gecko zombie.
The giant gecko zombie closely misses you.
The giant gecko zombie bites you.
You hit the giant gecko zombie. You burn the giant gecko zombie.
The giant gecko zombie is filled with an inner flame.
You grab the giant gecko zombie. You constrict the giant gecko zombie.
The giant gecko zombie bites you. x2
You hit the giant gecko zombie. You burn the giant gecko zombie.
The giant gecko zombie explodes!
The fiery explosion engulfs you! You resist.
Ouch! That really hurt!
* * * LOW HITPOINT WARNING * * *
You are engulfed in roaring flames.
You resist.
Ouch! That really hurt!
You die...

##.....................
.....#..................
...##..#......#.........
........................
....###.................
##...##.................
##...#.....##...§§§.....
.#..#...........§§§.##
###.............@##.#
##...##...........#
....#.#......#.###
#...#.##..##..#.#
....########....# .##..#
...#.# ## #..# .....#.
###.# .


There were no monsters in sight!

Vanquished Creatures
  2 adders
  An adder zombie (D:5)
  An orc (D:4)
  2 ball pythons
  3 bats
  2 hobgoblins
  2 giant cockroaches
  A giant gecko zombie (D:5)
  A giant newt (D:4)
  3 goblins
  A kobold (D:2)
  A quokka (D:2)
  6 rats
26 creatures vanquished.

Vanquished Creatures (collateral kills)
  A kobold (D:3)
  2 rats (D:3)
3 creatures vanquished.

Grand Total: 29 creatures vanquished

Notes
Turn   | Place    | Note
--------------------------------------------------------------
     0 | D:1      | M4edhros the Octopode Artificer began the quest for the Orb.
     0 | D:1      | Reached XP level 1. HP: 13/13 MP: 3/3
   353 | D:2      | Reached XP level 2. HP: 16/18 MP: 4/4
   914 | D:4      | Noticed an earth elemental
   916 | D:4      | Found a stormy altar of Qazlal.
   917 | D:4      | Noticed an air elemental
   917 | D:4      | Noticed a fire elemental
   917 | D:4      | Noticed a water elemental
   920 | D:4      | Noticed coffecat's ghost (weakling DESu)
  1291 | D:2      | Reached XP level 3. HP: 23/23 MP: 5/5
  1393 | D:3      | Reached skill level 4 in Evocations
  1628 | D:5      | Entered Level 5 of the Dungeon
  1765 | D:5      | Noticed a centaur
  1777 | D:5      | Engulfed by a cloud of flame

Action                   || total
-------------------------++-------
Melee: Short sword       ||    31
       Great mace        ||    19
Evoke: Wand              ||     6
  Use: Scroll            ||     3
 Stab: Sleeping          ||     4
  Eat: Chunk             ||     2
